 Dungeon Crawl Stone Soup version 0.25-a0-366-g516bc45ae0 (webtiles) character file.

Game seed: 9263884212395844886, levelgen mode: classic

201 EnegeticOcto the Skirmisher (level 5, -6/46 HPs)
             Began as a Mummy Chaos Knight on Jan 6, 2020.
             Was a Plaything of Xom.
             Killed by divine providence
             ... invoked by an orc priest
              (12 damage)
             ... on level 3 of the Dungeon.
             The game lasted 00:05:03 (2547 turns).

EnegeticOcto the Skirmisher (Mummy Chaos Knight)    Turns: 2547, Time: 00:05:04

Health: -6/46      AC:  9    Str: 15    XL:     5   Next: 50%
Magic:  5/5        EV:  6    Int: 13    God:    Xom [....*.]
Gold:   141        SH:  0    Dex: 11    Spells: 4/4 levels left

rFire    x . .     SeeInvis .   c - +2 dagger (venom)
rCold    + . .     Gourm    .   (no shield)
rNeg     + + +     Faith    .   e - +0 chain mail
rPois    ∞         Spirit   .   g - +0 helmet
rElec    .         Reflect  .   (no cloak)
rCorr    .         Harm     .   (no gloves)
MR       .....                  (no boots)
Stlth    ..........             (no amulet)
HPRegen  0.15/turn              (no ring)
MPRegen  0.09/turn              (no ring)

@: no status effects
A: no food or potions, fire vulnerability, cold resistance 1, negative energy
resistance 3, torment resistance, unbreathing
a: Renounce Religion


You were on level 3 of the Dungeon.
You worshipped Xom.
You were a beloved toy of Xom.
You were not hungry.

You visited 1 branch of the dungeon, and saw 3 of its levels.

You collected 141 gold pieces.

Inventory:

Hand Weapons
 a - a +0 spear of chaos
 c - a +2 dagger of venom (weapon)
Missiles
 f - 20 arrows
 i - 17 bolts
Armour
 b - a +2 leather armour
 e - a +0 chain mail (worn)
 g - a +0 helmet (worn)
Jewellery
 l - an uncursed ring of protection from fire {unknown}
Scrolls
 d - 3 scrolls of remove curse {@r2}
 h - a scroll of fog {!r}
 j - a scroll of teleportation {@r3 !r}
 k - a scroll of enchant weapon {unknown}


   Skills:
 + Level 6.3 Fighting
 - Level 2.4 Polearms
 - Level 1.5 Armour
 - Level 0.7 Dodging


You had 4 spell levels left.
You didn't know any spells.
Your spell library was empty.

Dungeon Overview and Level Annotations

Branches:
Dungeon (3/15)

Altars:
Dithmenos


Innate Abilities, Weirdness & Mutations

You do not eat or drink.
Your flesh is vulnerable to fire.
You are immune to poison.
Your flesh is cold resistant. (rC+)
You are immune to negative energy. (rN+++)
You are immune to unholy pain and torment.
You can survive without breathing.


Message History

You reach to attack!
You closely miss the orc warrior. The orc warrior barely misses you.
Your quasit bites the orc warrior but does no damage.
Your quasit claws the orc warrior but does no damage.
Your quasit closely misses the orc warrior.
Attack whom?
Press: ? - help, Dir - move target cursor, f/p - orc warrior
Aim: an orc warrior, wielding a +0 trident and wearing a +0 chain mail You reach to attack!
You closely miss the orc warrior.
Your quasit bites the orc warrior but does no damage.
Your quasit claws the orc warrior but does no damage. x2
The orc warrior closely misses you.
Attack whom?
Press: ? - help, Dir - move target cursor, f/p - orc warrior
Aim: an orc warrior, wielding a +0 trident and wearing a +0 chain mail You reach to attack!
You barely miss the orc warrior.
Your quasit closely misses the orc warrior.
Your quasit barely misses the orc warrior.
Your quasit claws the orc warrior but does no damage.
The orc warrior hits you from afar with a +0 trident!
* * * LOW HITPOINT WARNING * * *
Your quasit bites the orc warrior but does no damage.
Your quasit misses the orc warrior.
Your quasit claws the orc warrior but does no damage.
Your quasit barely misses the orc warrior.
Your quasit claws the orc warrior but does no damage.
Your quasit closely misses the orc warrior.
You see here a +0 flail.
Your quasit bites the orc warrior but does no damage.
Your quasit barely misses the orc warrior. x2
Your quasit bites the orc warrior but does no damage.
Your quasit closely misses the orc warrior.
Your quasit claws the orc warrior but does no damage.
Items here: ))) † a +0 club; a +0 halberd; a +0 spear; an orc corpse Your quasit bites the orc warrior but does no damage.
Your quasit barely misses the orc warrior. x2
Items here: ( ) ††† a cursed -3 falchion; 2 boomerangs; an orc corpse; a gnoll corpse a giant cockroach corpse Your quasit bites the orc warrior but does no damage.
Your quasit barely misses the orc warrior.
Your quasit claws the orc warrior but does no damage.
The orc warrior sings a few bars from the Orcish anthem.
Your quasit bites the orc warrior but does no damage.
Your quasit closely misses the orc warrior.
Your quasit claws the orc warrior but does no damage.
There is an open door here.
Your quasit bites the orc warrior.
Your quasit claws the orc warrior but does no damage.
Your quasit barely misses the orc warrior.
The orc warrior closely misses your quasit.
Your quasit bites the orc warrior but does no damage.
Your quasit claws the orc warrior but does no damage. x2
Your quasit barely misses the orc warrior.
Your quasit claws the orc warrior but does no damage. x2 "Whee!"
Your surroundings suddenly seem different.
Your surroundings suddenly seem different.
Your surroundings suddenly seem different.
Your surroundings seem slightly different.
Your +2 dagger of venom begins to drip with poison!
c - a +2 dagger of venom (weapon)
Key pressed, stopping explore.
An orc warrior opens the door.
It is wielding a +0 trident.
An orc warrior is nearby!
An orc warrior is nearby!
The orc warrior shouts!
The orc warrior hits you with a +0 trident!
There is an open door here.
You hit the orc warrior.
The orc warrior is poisoned.
The orc warrior is lightly wounded.
The orc warrior hits you with a +0 trident.
You hit the orc warrior but do no damage.
The orc warrior looks as sick as possible!
The orc warrior is lightly wounded.
The orc warrior hits you with a +0 trident!
* * * LOW HITPOINT WARNING * * *
The orc warrior hits you from afar with a +0 trident.
* * * LOW HITPOINT WARNING * * *
You close the door.
An orc warrior opens the door.
You close the door.
An orc warrior opens the door.
You close the door.
An orc warrior opens the door.
You close the door.
An orc warrior opens the door.
As you close the door, it creaks loudly!
You hear a shout! x3
An orc priest comes into view. It is wielding a +0 flail.
An orc warrior opens the door.
An orc comes into view. It is wielding a +0 club.
You close the door.
An orc warrior opens the door.
You close the door.
An orc warrior opens the door.
An orc comes into view. It is wielding a +0 flail.
You close the door.
The orc priest looks braver for a moment.
An orc warrior opens the door.
You close the door.
The orc priest mumbles some strange prayers to Beogh against you.
Beogh smites you!
You die...
Xom chuckles heartily!

#......)#......[..
#.......# ........
# #..(....#
###.... ..
#.......# #....
.o. #######)#
#.... ....#####
#)# #....
........#####.#
##.##
..o.....+o....#
#.##
...o...@#####.#
#.## ####....# #.#
#.## #....# #.#
#.## ########....#
#.# #.##
#...........# #.#
#.## #..........##
#.# #.##
#..........# #.# #
#.%........#
####'###### #
#..........#
#.........# #


You could see an orc priest and 2 orcs.

Vanquished Creatures
  An orc priest (D:3)
  Robin (D:2)
  2 gnolls (D:3)
  3 adders (D:2)
  An ooze (D:1)
  A worm (D:2)
  4 dart slugs
  A leopard gecko (D:2)
  4 orcs (D:3)
  4 giant cockroaches
  16 goblins
  12 hobgoblins
  5 jackals
  11 kobolds
  A quokka (D:3)
  2 ball pythons
  8 bats
  3 frilled lizards
  7 rats
87 creatures vanquished.

Vanquished Creatures (collateral kills)
  A gnoll (D:3)
1 creature vanquished.

Grand Total: 88 creatures vanquished

Notes
Turn   | Place    | Note
-------+----------+-------------------------------------------
     0 | D:1      | EnegeticOcto the Mummy Chaos Knight began the quest for the
                  | Orb.
     0 | D:1      | Reached XP level 1. HP: 18/18 MP: 1/1
    10 | D:1      | Noticed a black mamba
    10 | D:1      | Noticed a redback
    10 | D:1      | Noticed a swamp worm
    10 | D:1      | Noticed a swamp drake
    44 | D:1      | Reached XP level 2. HP: 24/24 MP: 2/2
    93 | D:1      | Reached skill level 4 in Fighting
   249 | D:1      | Reached XP level 3. HP: 30/30 MP: 3/3
   436 | D:1      | XOM: divination: detect items
   688 | D:1      | XOM: divination: detect creatures
   738 | D:1      | XOM: harmless Necr miscast
   843 | D:1      | XOM: harmless Pois miscast
   888 | D:2      | XOM: harmless Tloc miscast
   928 | D:2      | XOM: noise
   961 | D:2      | Reached skill level 5 in Fighting
   961 | D:2      | Reached XP level 4. HP: 38/39 MP: 4/4
  1154 | D:2      | Noticed Robin
  1161 | D:2      | XOM: smoke on damage
  1604 | D:2      | XOM: potion effect (haste)
  1614 | D:2      | XOM: fog
  1650 | D:2      | Killed Robin
  1975 | D:2      | XOM: cloud trail
  1990 | D:2      | XOM: divination: magic mapping
  2026 | D:3      | Found a shadowy altar of Dithmenos.
  2051 | D:3      | Reached XP level 5. HP: 46/46 MP: 5/5
  2204 | D:3      | Noticed an orc warrior
  2214 | D:3      | XOM: summons friendly ufetubus
  2240 | D:3      | XOM: 1-stop teleportation journey
  2252 | D:3      | Reached skill level 6 in Fighting
  2366 | D:3      | XOM: summons friendly quasit
  2430 | D:3      | XOM: 4-stop teleportation journey
  2547 | D:3      | Killed from afar by an orc priest

Levels and vault maps discovered:
D:1:      onia_arrival_zoo_common, layout_loops_ring, minmay_misc_feat_diagonals
D:2:      layout_basic, uniq_robin
D:3:      layout_basic, nicolae_overflow_hidden_temple, nemelex_altar_shiori,
          chequers_temple_overflow_statue_of_worship,
          nicolae_dithmenos_shadow_blocks

Skill      XL: |  1  2  3  4  5 |
---------------+----------------+-----
Fighting       | 4 5 6 |  6.3
Polearms       | |  2.4
Armour         | |  1.5
Dodging        | |  0.7

Action                   |  1- 3 |  4- 6 || total
-------------------------+-------+-------++-------
Melee: Spear             |   122 |    50 ||   172
       Dagger            |       |    97 ||    97
  Use: Scroll            |     1 |     3 ||     4
 Stab: Petrified         |     2 |       ||     2
       Confused          |     1 |       ||     1
Armor: Leather armour    |    28 |       ||    28
       Chain mail        |     8 |    72 ||    80
Dodge: Dodged            |    40 |    46 ||    86

Table legend:
 A = Non-vault XP
 B = Vault XP
 C = Vault XP percentage of total XP
 D = Non-vault monster count
 E = Vault monster count
 F = Vault count percentage of total count
                 A         B        C        D         E       F
            +---------+---------+-------+---------+---------+-------
      Total |     254 |      34 |  11.8 |      77 |      11 |  12.5
            +---------+---------+-------+---------+---------+-------
        D:1 |      68 |       0 |   0.0 |      34 |       0 |   0.0
        D:2 |      85 |      34 |  28.6 |      26 |      11 |  29.7
        D:3 |     101 |       0 |   0.0 |      17 |       0 |   0.0
            +---------+---------+-------+---------+---------+-------
